 Dungeon Crawl Stone Soup version 0.27-a0-277-g024f7ef292 (webtiles) character file.

Game seed: 4283042713489351579

2405 runemasterragnar the Digger (level 9, 0/58 HPs)
             Began as an Octopode Earth Elementalist on Feb 6, 2021.
             Was an Initiate of Gozag.
             Slain by an ogre
             ... wielding a +0 giant club
              (28 damage)
             ... on level 7 of the Dungeon.
             The game lasted 00:13:51 (7889 turns).

runemasterragnar the Digger (OpEE)                  Turns: 7889, Time: 00:13:52

Health: 0/58       AC:  8    Str: 10    XL:     9   Next: 47%
Magic:  7/15       EV: 15    Int: 17    God:    Gozag
Gold:   223        SH:  0    Dex: 13    Spells: 1/16 levels left

rFire    + . .     SeeInvis +   q - +1 flail (protect)
rCold    . . .     Faith    .   (no shield)
rNeg     . . .     Spirit   .   (helmet restricted)
rPois    .         Reflect  .   (no amulet)
rElec    .         Harm     .   j - +4 ring of slaying
rCorr    .         Rampage  .   h - ring of see invisible
Will     .....                  z - ring of protection from fire
Stlth    ++++......             (no ring)
HPRegen  0.19/turn              (no ring)
MPRegen  0.14/turn              (no ring)
                                (no ring)
                                (no ring)

@: gold aura, protection aura
A: almost no armour, stealthy swim, amphibious, 8 rings, constrict 8, camouflage
1, gelatinous body 1
a: Renounce Religion, Potion Petition, Call Merchant, Bribe Branch


You were on level 7 of the Dungeon.
You worshipped Gozag.
Gozag was aware of your devotion.
You visited 2 branches of the dungeon, and saw 8 of its levels.

You collected 350 gold pieces.
You paid 127 gold pieces to Gozag.

Inventory:

Hand Weapons
 k - a +0 dagger
 q - a +1 flail of protection (weapon)
 y - a cursed -3 spear
Missiles
 b - 170 stones
 d - 15 boomerangs (quivered)
 o - 11 curare-tipped darts
 p - 5 atropa-tipped darts
Jewellery
 h - a ring of see invisible (right tentacle)
 j - a +4 ring of slaying (left tentacle)
 z - a ring of protection from fire (on tentacle)
Wands
 u - a wand of digging (9)
 w - a wand of paralysis (7)
Scrolls
 e - a scroll of immolation
 i - 2 scrolls of magic mapping
 m - 3 scrolls of remove curse
 r - 2 scrolls of teleportation
Potions
 a - 4 potions of heal wounds
 c - a potion of ambrosia {unknown}
 f - a potion of might
 g - 3 potions of flight {unknown}
 l - a potion of berserk rage {unknown}
 n - a potion of magic
 s - a potion of brilliance
 t - 2 potions of cancellation
 v - 2 potions of curing {unknown}
 x - a potion of degeneration {unknown}


   Skills:
 + Level 3.8 Fighting
 + Level 4.4 Dodging
 + Level 6.5 Stealth
 + Level 3.7 Unarmed Combat
 + Level 4.2 Spellcasting
 * Level 3.0 Conjurations
 - Level 4.7 Transmutations
 * Level 6.6 Earth Magic


You had one spell level left.
You knew the following spells:

 Your Spells              Type           Power        Failure   Level
a - Sandblast             Erth           52%          1%          1
b - Passwall              Tmut/Erth      19%          2%          2
c - Stone Arrow           Conj/Erth      40%          6%          3
d - Petrify               Tmut/Erth      23%          14%         4
e - Lee's Rapid Deconstr  Erth           13%          28%         5

Your spell library contained the following spells:

 Spells                   Type           Power        Failure   Level


Dungeon Overview and Level Annotations

Branches:
Dungeon (7/15)             Temple (1/1) D:7

Altars:
Dithmenos
Gozag
Makhleb
Ru
Xom
Yredelemnul
The Shining One

Annotations:
D:3 3 runed translucent doors, mobtown's ghost, amateur DENe


Innate Abilities, Weirdness & Mutations

You cannot wear most types of armour.
You are very stealthy in the water. (Stealth+)
You are amphibious.
You can wear up to eight rings at the same time.
You can use your tentacles to constrict eight enemies at once.
Your skin changes colour to match your surroundings (Stealth+).
Your rubbery body absorbs attacks. (AC +1, EV +1)


Message History

Casting: Sandblast (safe; 1% risk of failure)
Confirm with . or Enter, or press ? or * to list all spells.
Aiming: Sandblast (safe; 1% risk of failure)
Press: ? - help, Shift-Dir - straight line, f - ogre
Aim: an ogre, wielding a +0 giant club (lightly wounded, 9% to evade)
The blast of sand misses the ogre.
b - 171 stones Unknown command.
Casting: Sandblast (safe; 1% risk of failure)
Confirm with . or Enter, or press ? or * to list all spells.
Aiming: Sandblast (safe; 1% risk of failure)
Press: ? - help, Shift-Dir - straight line, f/p - ogre
Aim: an ogre, wielding a +0 giant club (lightly wounded, 9% to evade)
The blast of sand hits the ogre!
The ogre is severely wounded.
b - 170 stones The adder zombie barely misses you.
The ogre hits you with a +0 giant club!!
You die...
Your body crumbles into a pile of gold.

**********...#.#...⌠.....#
*,#.#.........### *****
*,#...#.⌠.>.⌠.# *,,,*
*,#...........#
*,,,********,#.......⌠...#
*,,,**,,,,**,#.....#.#.###
**,,,**,,,,**,#.....#.#.#
,,,,,,,,,,,,,,#......<#.#
,,*****,,,,***#.@.#####.#
,,* *,,,,,,**#OZ....#*.#
,,* *,*....$$$<......#,*
,,* *,*.##.#...........*
*** **+*,**,#.......####*
* *,,,,**,#####...#*
*****,,,,**,,,,$.#...#
,,,**,,,,*******,*.>.#
,,,***,*,*******,*##.#


You could see an ogre and an adder zombie.

Vanquished Creatures
  3 yaks (D:6)
  2 sky beasts
  4 ogres
  2 centaurs (D:6)
  A phantom (D:4)
  Blork the orc (D:4)
  A water moccasin skeleton (D:5)
  A scorpion (D:4)
  6 wights (D:6)
  A howler monkey (D:4)
  A bullfrog zombie (D:6)
  A hound (D:5)
  A centaur skeleton (D:5)
  3 orc priests
  Ijyb (D:3)
  An iguana (D:6)
  Terence (D:3)
  6 orc wizards
  4 worker ants
  A killer bee zombie (D:6)
  A hound zombie (D:2)
  A hound skeleton (D:6)
  A howler monkey zombie (D:5)
  6 adders
  A shadow imp (D:6)
  3 white imps
  2 ufetubi (D:6)
  An ooze (D:1)
  3 worms
  3 dart slugs
  18 orcs
  7 bats
  5 giant cockroaches
  11 goblins
  6 hobgoblins
  7 jackals
  12 kobolds
  4 quokkas
  A ball python (D:3)
  A frilled lizard (D:2)
  A giant cockroach zombie (D:5)
  2 gnoll zombies (D:3)
  A quokka skeleton (D:6)
  A quokka zombie (D:4)
  8 rats
149 creatures vanquished.

Notes
Turn   | Place    | Note
-------+----------+-------------------------------------------
     0 | D:1      | runemasterragnar the Octopode Earth Elementalist began the
                  | quest for the Orb.
     0 | D:1      | Reached XP level 1. HP: 11/11 MP: 3/3
   433 | D:1      | Reached XP level 2. HP: 15/17 MP: 5/5
   823 | D:1      | Reached XP level 3. HP: 22/22 MP: 4/6
  1643 | D:2      | Learned a level 2 spell: Passwall
  1696 | D:2      | Reached skill level 1 in Unarmed Combat
  1696 | D:2      | Reached XP level 4. HP: 27/27 MP: 3/7
  1717 | D:2      | Reached skill level 1 in Fighting
  1960 | D:2      | Reached XP level 5. HP: 31/33 MP: 5/8
  2780 | D:3      | Found a basalt altar of Yredelemnul.
  2886 | D:3      | Noticed Ijyb
  2898 | D:3      | Killed Ijyb
  2971 | D:3      | Noticed a sky beast
  2983 | D:3      | Killed a sky beast
  2984 | D:3      | Reached XP level 6. HP: 6/39 MP: 2/10
  3232 | D:3      | Found a runed translucent gate.
  3232 | D:3      | Found a runed translucent gate.
  3232 | D:3      | Found a runed translucent gate.
  3233 | D:3      | Noticed mobtown's ghost (amateur DENe)
  3522 | D:3      | Noticed Terence
  3529 | D:3      | Killed Terence
  4057 | D:4      | Reached XP level 7. HP: 29/45 MP: 11/11
  4340 | D:4      | Found a sacrificial altar of Ru.
  4342 | D:4      | Noticed Blork the orc
  4349 | D:4      | Killed Blork the orc
  4761 | D:5      | Entered Level 5 of the Dungeon
  5229 | D:5      | Reached skill level 5 in Earth Magic
  5257 | D:5      | Reached XP level 8. HP: 44/51 MP: 7/12
  5307 | D:5      | Reached skill level 5 in Stealth
  5477 | D:5      | Learned a level 3 spell: Stone Arrow
  5482 | D:5      | Learned a level 4 spell: Petrify
  6738 | D:6      | Noticed a yak
  6743 | D:6      | Noticed a yak
  6746 | D:6      | Noticed a yak
  6750 | D:6      | Killed a yak
  6751 | D:6      | Reached skill level 1 in Conjurations
  6755 | D:6      | Killed a yak
  6756 | D:6      | Reached XP level 9. HP: 47/57 MP: 14/14
  6864 | D:6      | Learned a level 5 spell: Lee's Rapid Deconstruction
  7205 | D:6      | Found a glowing golden altar of the Shining One.
  7815 | D:7      | Found a staircase to the Ecumenical Temple.
  7832 | Temple   | Entered the Ecumenical Temple
  7845 | Temple   | Became a worshipper of Gozag Ym Sagoz the Greedy
  7889 | D:7      | Slain by an ogre

Illustrated notes

Levels and vault maps discovered:
D:1:      minmay_arrival_checkered_box, layout_loops_ring
D:2:      cheibrodos_pilgrimage, layout_basic, grunt_ministairs_8
D:3:      layout_basic, lemuel_zombie_altar_yredelemnul,
          gammafunk_ghost_necromancy, uniq_terence, uniq_ijyb,
          uniq_crazy_yiuf_cottage
D:4:      layout_basic, hangedman_ru_absence, uniq_blork_the_orc
D:5:      layout_basic, grunt_decor_arrowhead
D:6:      layout_loops_ring, nicolae_tso_swordbearing_angel
D:7:      layout_basic, temple_fountains, enter_bailey_2, minmay_manual_maat
Temple:   regret_index_temple_sphere_string

Skill      XL: |  1  2  3  4  5  6  7  8  9 |
---------------+----------------------------+-----
Stealth        | 3 4 6 |  6.5
Unarmed Combat | 1 2 3 |  3.7
Transmutations | 2 3 4 |  4.7
Fighting       | 1 2 3 |  3.8
Earth Magic    | 4 5 6 |  6.6
Dodging        | 3 4 |  4.4
Spellcasting   | 3 4 |  4.2
Conjurations   | 1 3 |  3.0

Action                   |  1- 3 |  4- 6 |  7- 9 || total
-------------------------+-------+-------+-------++-------
Melee: Unarmed           |    27 |     2 |       ||    29
       Constrict         |     9 |    12 |    17 ||    38
       Tentacles         |     3 |     9 |    13 ||    25
       Flail             |       |    50 |    87 ||   137
       Punch             |       |       |     1 ||     1
Throw: Boomerang         |    20 |    97 |   115 ||   232
 Cast: Sandblast         |    23 |    31 |    66 ||   120
       Passwall          |     2 |       |       ||     2
Evoke: Wand              |       |       |     6 ||     6
  Use: Scroll            |       |    10 |     7 ||    17
       Potion            |       |     1 |       ||     1
 Stab: Sleeping          |     1 |       |       ||     1
       Paralysed         |       |       |    11 ||    11
Armor: Skin              |     2 |     8 |    26 ||    36
Dodge: Dodged            |    23 |    50 |   132 ||   205

Table legend: (Time is in decaauts)
 A = Elapsed time spent in this place.
 B = Non-inter-level travel time spent in this place.
 C = Inter-level travel time spent in this place.
 D = Time resting spent in this place.
 E = Time spent auto-exploring this place.
 F = Levels seen in this place.
 G = Mean time per level.
                   A        B        C        D        E       F      G
               +--------+--------+--------+--------+--------+-----+--------+
         Total |   8012 |   7736 |    276 |    665 |   5860 |   8 | 1001.5 |
       Dungeon |   7982 |   7706 |    276 |    665 |   5855 |   7 | 1140.3 |
        Temple |     29 |     29 |      0 |      0 |      5 |   1 |   29.0 |
               +--------+--------+--------+--------+--------+-----+--------+

Top non-repeatable levels by time:
     D:6: 1758 daAuts
     D:2: 1504 daAuts
     D:5: 1350 daAuts
     D:1: 1258 daAuts
     D:3: 1216 daAuts
     D:4: 848 daAuts
     D:7: 46 daAuts
  Temple: 29 daAuts
